 Dungeon Crawl Stone Soup version 0.18.1-48-g4cf74bf (webtiles) character file.

87 Alarkh the Slasher (level 4, 0/33 HPs)
             Began as a Mummy Skald on Sept 11, 2016.
             Slain by a jackal (1 damage)
             ... on level 3 of the Dungeon.
             The game lasted 00:02:21 (2292 turns).

Alarkh the Slasher (Mummy Skald)                    Turns: 2292, Time: 00:02:22

Health: 0/33       AC:  2    Str: 15    XL:     4   Next: 28%
Magic:  2/7        EV: 11    Int: 12    God:
Gold:   92         SH:  0    Dex: 11    Spells: 3 memorised, 1 level left

rFire  x . .     SeeInvis .     a - +0 long sword (curse)
rCold  + . .     Gourm    .     d - +0 robe (curse)
rNeg   + + +     Faith    .     (no shield)
rPois  ∞         Spirit   .     (no helmet)
rElec  .         Dismiss  .     (no cloak)
rCorr  .         Reflect  .     (no gloves)
SustAt .         Harm     .     (no boots)
MR     .....                    (no amulet)
Stlth  +.........               (no ring)
                                (no ring)

@: very slightly contaminated, not resistant to hostile enchantments, very
unstealthy
A: no food or potions, fire vulnerability, cold resistance 1, negative energy
resistance 3, torment resistance, unbreathing
a: no special abilities


You were on level 3 of the Dungeon.
You were not hungry.

You visited 1 branch of the dungeon, and saw 3 of its levels.

You collected 92 gold pieces.

Inventory:

Hand Weapons
 a - a cursed +0 long sword (weapon)
 g - a +0 falchion
Armour
 b - a +0 leather armour
 d - a cursed +0 robe (worn)
Scrolls
 e - a scroll of magic mapping {unknown}
 f - 2 scrolls of remove curse
 h - 2 scrolls of immolation {unknown}
 i - a scroll of recharging
Books
 c - a book of Battle

   Spells                             Type                      Level
   a - Infusion                       Charms                       1
   b - Shroud of Golubria             Charms/Translocation         2
   c - Song of Slaying                Charms                       2
   d - Spectral Weapon                Hexes/Charms                 3
   e - Regeneration                   Charms/Necromancy            3


   Skills:
 - Level 2.0 Fighting
 + Level 3.8 Long Blades
 - Level 0.7 Armour
 - Level 0.7 Dodging
 - Level 2.0 Spellcasting
 - Level 2.4 Charms


You had one spell level left.
You knew the following spells:

 Your Spells              Type           Power        Failure   Level  Hunger
a - Infusion              Chrm           #...         12%         1    N/A
b - Shroud of Golubria    Chrm/Tloc      #.........   28%         2    N/A
c - Spectral Weapon       Hex/Chrm       #.......     56%         3    N/A

Dungeon Overview and Level Annotations

Branches:
Dungeon (3/15)

Altars:


Innate Abilities, Weirdness & Mutations

You do not eat or drink.
Your flesh is vulnerable to fire.
You are immune to poison.
Your flesh is cold resistant.
You are immune to negative energy.
You are immune to unholy pain and torment.
You can survive without breathing.


Message History

The gnoll hits you with a flail! The gnoll closely misses you.
A jackal comes into view.
The gnoll hits you with a whip.
* * * LOW HITPOINT WARNING * * *
The gnoll throws a stone.
The stone barely misses you. The jackal bites you.
* * * LOW HITPOINT WARNING * * *
Things that are here:
a stone; a whip; a smoky sapphire potion The gnoll hits your spectral weapon but does no damage.
The jackal bites you.
* * * LOW HITPOINT WARNING * * *
The gnoll hits your spectral weapon with a flail.
Your spectral weapon shares its damage with you!
* * * LOW HITPOINT WARNING * * *
A gnoll comes into view.
The gnoll shouts!
The gnoll hits your spectral weapon with a flail.
Your spectral weapon shares its damage with you!
The jackal bites you.
You die...

#.# #.# #.# .. #.# #.
###h### #. #.....# ##### #.
#.....####...##### #.
#r)ggh@..........# #.
........(.####...###.#####.
.(.g#.....# ######......).
....###)### #..###### .
g.g.###########..# #..
.<...............# #.# #
.........<.#####..# #.# #.
####.#####.# #.## #)#
.##..#####.#####.## #.#
##.#


You could see 4 gnolls, a quokka, 2 jackals and a friendly spectral long sword.

Vanquished Creatures
  3 gnolls (D:3)
  2 adders (D:2)
  A worm (D:2)
  2 dart slugs (D:1)
  5 bats
  3 giant cockroaches
  4 goblins
  5 hobgoblins
  3 kobolds
  2 ball pythons
  2 giant newts (D:1)
  3 rats
35 creatures vanquished.

Notes
Turn   | Place    | Note
--------------------------------------------------------------
     0 | D:1      | Alarkh the Mummy Skald began the quest for the Orb.
     0 | D:1      | Reached XP level 1. HP: 16/16 MP: 3/3
   294 | D:1      | Reached skill level 2 in Long Blades
   341 | D:1      | Reached XP level 2. HP: 16/22 MP: 0/5
  1359 | D:2      | Reached skill level 3 in Long Blades
  1359 | D:2      | Reached XP level 3. HP: 23/27 MP: 2/6
  2218 | D:2      | Learned a level 2 spell: Shroud of Golubria
  2222 | D:2      | Learned a level 3 spell: Spectral Weapon
  2262 | D:3      | Reached XP level 4. HP: 33/33 MP: 7/7
  2291 | D:3      | HP: 1/33 [gnoll/flail (2)]
  2292 | D:3      | Slain by a jackal

Skill      XL: |  1  2 |
---------------+-------+-----
Long Blades    | 2 3 |  3.8
Fighting       | |  2.0
Armour         | |  0.7
Dodging        | |  0.7
Spellcasting   | |  2.0
Charms         | |  2.4

Action                   |  1- 3 |  4- 6 || total
-------------------------+-------+-------++-------
Melee: Falchion          |    30 |       ||    30
       Long sword        |    69 |     6 ||    75
 Cast: Infusion          |    14 |       ||    14
       Spectral Weapon   |       |     1 ||     1
  Use: Scroll            |     4 |       ||     4
 Stab: Sleeping          |     2 |       ||     2
       Distracted        |     1 |       ||     1
Armor: Leather armour    |     8 |       ||     8
       Robe              |    18 |       ||    18
Dodge: Dodged            |    64 |     5 ||    69
